 Dungeon Crawl Stone Soup version 0.21-a0-414-gba8bdf1 (webtiles) character file.

548362 Dorkslayer the Tortoise (level 26, -3/166 HPs)
             Began as a Gnoll Fighter on Oct 29, 2017.
             Was the Champion of the Shining One.
             Killed from afar by a hellion (33 damage)
             ... with damnation
             ... on level 11 of a ziggurat on Nov 2, 2017.
             The game lasted 06:25:25 (52282 turns).

Dorkslayer the Tortoise (Gnoll Fighter)            Turns: 52282, Time: 06:25:25

Health: -3/166     AC: 47    Str: 23    XL:     26   Next: 22%
Magic:  23/43      EV: 18    Int: 10    God:    the Shining One [******]
Gold:   1744       SH: 36    Dex: 11    Spells: 22/57 levels left

rFire    + . .     SeeInvis .   J - +9 broad axe (holy)
rCold    + . .     Gourm    .   j - +2 large shield {AC+3}
rNeg     + + +     Faith    +   W - +15 Maxwell's patent armour {-Cast -Tele rElec MR+ rCorr}
rPois    +         Spirit   .   I - +2 helmet
rElec    +         Reflect  .   h - +2 cloak {MR+}
rCorr    +         Harm     .   L - +3 pair of gauntlets of War {Slay+5}
MR       ++++.     Rnd*Rage +   g - +1 pair of boots {run} Stlth +.........NoTele +
                                X - amulet of Gettelij {Faith rElec rN+ MR+}
HPRegen  0.37/turn NoCast   +   y - +4 ring of slaying
MPRegen  0.28/turn              D - +5 ring of evasion

@: divine shield, resistant, hasted, glowing, studying 2 skills, very quick
A: distributed training, fangs 1, [berserk 1], [blurry vision 2], [clumsy 2],
[deformed body], [dopey 2], [frail 2], [weak 2], [MP-powered wands], strong nose
}: 3/15 runes: serpentine, barnacled, silver
a: Divine Shield, Cleansing Flame, Summon Divine Warrior, Renounce Religion


You were on level 11 of a ziggurat.
You worshipped the Shining One.
The Shining One was exalted by your worship.
You were not hungry.

You visited 8 branches of the dungeon, and saw 40 of its levels.
You visited the Abyss 1 time.
You visited 1 ziggurat, and saw 11 of its levels.
You also visited: Labyrinth, Ice Cave, Volcano and Wizlab.

You collected 5595 gold pieces.
You spent 3851 gold pieces at shops.

Inventory:

Hand Weapons
 u - the +7 morningstar of Valour {crush, rPois Str+8 Int-5}
   (You found it on level 13 of the Dungeon)

   It inflicts extra damage upon your enemies.
   It affects your strength (+8).
   It affects your intelligence (-5).
   It protects you from poison.
 A - the +18 lance "Wyrmbane" {slay drac, rPois rF+ rC+ AC+3}
   (You took it off a deep elf sorcerer on level 3 of the Elven Halls)

   It affects your AC (+3).
   It protects you from fire.
   It protects you from cold.
   It protects you from poison.
 J - a +9 broad axe of holy wrath (weapon)
Missiles
 a - a javelin of returning
 c - 29 silver javelins
 w - 10 poisoned javelins (quivered)
Armour
 g - a +1 pair of boots of running (worn)
 h - a +2 cloak of magic resistance (worn)
 j - a +2 large shield of protection (worn)
 l - a +0 pair of boots of flying
 I - a +2 helmet (worn)
 L - the +3 pair of gauntlets of War (worn) {Slay+5}
   (You found it on level 9 of a ziggurat)

   It affects your accuracy and damage with ranged weapons and melee attacks
   (+5).
 M - +0 gold dragon scales
 W - the +15 Maxwell's patent armour (worn) {-Cast -Tele rElec MR+ rCorr}
   (You took it off a deep elf high priest on level 3 of the Elven Halls)

   It insulates you from electricity.
   It affects your resistance to hostile enchantments.
   It prevents spellcasting.
   It prevents most forms of teleportation.
   It protects you from acid and corrosion.
Jewellery
 v - an uncursed ring of resist corrosion
 y - a +4 ring of slaying (left hand)
 D - a +5 ring of evasion (right hand)
 T - the ring "Ziasacs" {+Blink +Fly rF+ rN+ Int+4}
   (You bought it in a shop on level 2 of the Orcish Mines)

   [ring of flight]

   It affects your intelligence (+4).
   It protects you from fire.
   It protects you from negative energy.
   It lets you fly.
   It lets you blink.
 X - the amulet of Gettelij (around neck) {Faith rElec rN+ MR+}
   (You found it in a labyrinth)

   [amulet of faith]

   It allows you to gain divine favour quickly.
   It insulates you from electricity.
   It protects you from negative energy.
   It affects your resistance to hostile enchantments.
Wands
 i - a wand of acid (10/15)
 n - a wand of flame (35/48)
 G - a wand of iceblast (3/15)
 K - a wand of scattershot (3/9)
 N - a wand of disintegration (7/24)
 P - a wand of lightning (6/15)
 Q - a wand of scattershot (5/9)
 R - a wand of digging (8/24)
Scrolls
 d - 6 scrolls of blinking
 e - 9 scrolls of remove curse
 p - 16 scrolls of teleportation
 r - 6 scrolls of magic mapping
 t - a scroll of recharging
 x - 5 scrolls of identify
 F - 13 scrolls of fear
 U - 2 scrolls of summoning
 Y - a scroll of immolation
Potions
 k - 4 potions of cancellation
 o - a potion of resistance
 q - 4 potions of curing
 s - 3 potions of berserk rage
 E - 2 potions of might
 S - 4 potions of agility
 V - 4 potions of ambrosia
Books
 C - a manual of Fighting
 H - a manual of Armour
Miscellaneous
 b - a lamp of fire (inert)
 z - a lightning rod (1/4)
 B - a fan of gales
 O - a phial of floods
Comestibles
 f - 21 bread rations
 m - 23 meat rations


   Skills:
 + Level 17.0 Fighting
 + Level 16.0 Short Blades
 + Level 16.0 Long Blades
 + Level 16.5 Axes
 + Level 16.0 Maces & Flails
 + Level 16.0 Polearms
 + Level 16.0 Staves
 + Level 16.0 Slings
 + Level 16.0 Bows
 + Level 16.0 Crossbows
 + Level 16.0 Throwing
 + Level 19.5 Armour
 + Level 16.0 Dodging
 + Level 16.0 Stealth
 + Level 17.0 Shields
 + Level 16.0 Unarmed Combat
 + Level 16.0 Spellcasting
 + Level 13.8 Conjurations
 + Level 13.8 Hexes
 + Level 13.8 Charms
 + Level 13.8 Summonings
 + Level 13.8 Necromancy
 + Level 13.8 Translocations
 + Level 13.8 Transmutations
 + Level 13.8 Fire Magic
 + Level 13.8 Ice Magic
 + Level 13.8 Air Magic
 + Level 13.8 Earth Magic
 + Level 13.8 Poison Magic
 + Level 17.2 Invocations
 + Level 16.0 Evocations


You had 22 spell levels left.
You knew the following spells:

 Your Spells              Type           Power        Failure   Level  Hunger
a - Inner Flame           Hex/Fire       #####...     1%          3    None
b - Fireball              Conj/Fire      #####.....   12%         5    #####..
c - Flame Tongue          Conj/Fire      #####        1%          1    None
d - Magic Dart            Conj           ####         1%          1    None
e - Blink                 Tloc           N/A          1%          2    None
f - Bolt of Fire          Conj/Fire      #####.....   54%         6    ######.
g - Chain Lightning       Conj/Air       #####.....   100%        8    #######
h - Fire Storm            Conj/Fire      #####.....   100%        9    #######


Dungeon Overview and Level Annotations

Branches:
Dungeon (15/15)            Temple (0/1) D:6            Lair (6/6) D:10
 Shoals (4/4) Lair:2        Snake (4/4) Lair:4        Slime (0/5) Lair:5
    Orc (2/2) D:9             Elf (3/3) Orc:2        Vaults (5/5) D:13
  Crypt (0/3) Vaults:2     Depths (1/5) D:15

Altars:
Fedhas
Hepliaklqana
Kikubaaqudgha
Okawaru
Qazlal
Ru
Sif Muna
Trog
Vehumet
The Shining One
Jiyva

Shops:
D:5 (([*!   Orc:1 (   Orc:2 *}%==}*%   Elf:3 =}=*   Vaults:1 }   Vaults:4 ?
Vaults:5 %??

Portals:
Hell: Depths:1

Annotations:
Elf:2 5 runed doors


Innate Abilities, Weirdness & Mutations

Your experience applies equally to all skills.
You have very sharp teeth.
Your uncanny sense of smell can sniff out nearby items.
[You tend to lose your temper in combat.]
[Scrolls take you longer to read.]
[You are very clumsy. (Dex -4)]
[Armour fits poorly on your strangely shaped body.]
[You are very dopey. (Int -4)]
[You are very frail. (-20% HP)]
[You are very weak. (Str -4)]
[You expend magic power (3 MP) to strengthen your wands.]


Message History

Found three items.
Found two gates leading back out of this place.
Found a stone staircase leading down.
The mummy priest disappears in a puff of smoke!
The monstrous corrupter calls forth creatures from the Snake Pit!
The reaper draws a finger across its throat.
Found a ring of positive energy.
The guardian serpent shouts!
The acid blob disappears in a puff of smoke!
The hellion gestures at you.
The sphere of damnation explodes!
The damnation engulfs you!
* * * LOW HITPOINT WARNING * * *
The infernal corrupter shouts!
Unknown command.
You feel better.
The nagaraja points at you and mumbles some strange words.
You block the poison arrow. The hellion gestures at you.
The sphere of damnation explodes!
The damnation engulfs you!
You die...

▓▓▓▓▓▓▓▓▓▓▓▓
▓▓..§........▓▓
▓▓...4.1266.S..▓▓
▓▓......W)6&J.N..▓▓
▓▓.....V6###2226..:▓▓
▓▓.......##
#....)=∩▓▓ ▓.∩...§..#
#.S2.}|>=▓
▓▓.......##
##....)!∩▓
▓▓.......###...@..=▓
▓▓.......6H......▓▓
▓▓......6......▓▓
▓▓...........▓▓
▓▓▓▓▓▓▓▓▓▓▓▓▓


You could see Fuistrez, a gelid warmonger, a sphinx, an azure jelly, a nagaraja,
2 lorocyprocas, a reaper, 2 demonspawn, 3 demonspawn, 2 guardian serpents, a
hellion and a tormentor.

Vanquished Creatures
  5 ancient liches
  2 golden dragons
  the Enchantress (Depths:1)
  Nikola (Vaults:1)
  3 liches
  A Brimstone Fiend (Zig:9)
  A Tzitzimitl (Zig:9)
  Jorgrun (Vaults:1)
  3 tentacled monstrosities (Vaults:5)
  A quicksilver dragon (Vaults:5)
  4 titans (Vaults:5)
  A deep elf blademaster (Elf:3)
  A deep elf master archer (Elf:3)
  3 krakens (Shoals:4)
  A tentacled starspawn (Zig:10)
  4 sphinxes
  Frances (Shoals:1)
  Donald (Shoals:1)
  8 fire giants
  2 storm dragons (Vaults:5)
  Ilsuiw (Shoals:4)
  3 azure jellies (Lair:5)
  3 shadow dragons
  10 nagarajas
  An iron dragon (Vaults:5)
  5 tengu reavers
  A warmonger (Zig:9)
  9 large abominations
  3 frost giants
  2 orc warlords (Orc:1)
  2 balrugs
  12 vault wardens
  5 deep elf sorcerers (Elf:3)
  Aizul (Vaults:4)
  2 draconian scorchers
  3 ghost moths (Zig:8)
  2 draconian knights (Zig:7)
  3 draconian shifters
  2 ghouls
  A juggernaut zombie (Depths:1)
  11 deep elf elementalists
  10 stone giants
  3 spriggan defenders (Depths:1)
  A draconian stormcaller (Zig:7)
  2 entropy weavers
  A draconian annihilator (Zig:6)
  2 corrupters
  9 ironheart preservers
  6 very ugly things
  8 deep elf annihilators
  A black draconian (Zig:6)
  A yellow draconian (Zig:7)
  A white draconian (Zig:6)
  2 black suns (Zig:9)
  A lorocyproca (Zig:9)
  7 deep elf demonologists
  A purple draconian (Zig:6)
  2 spark wasps (Depths:1)
  Azrael (Snake:1)
  8 ettins
  A spark wasp (shapeshifter) (D:15)
  3 fire dragons
  3 deep elf death magi (Elf:3)
  4 merfolk javelineers
  7 merfolk impalers
  11 yaktaur captains
  A minotaur (Lab)
  A green death (Zig:10)
  A great orb of eyes (shapeshifter) (Vaults:5)
  3 jiangshi (Depths:1)
  10 ogre magi
  A minotaur (shapeshifter) (Vaults:5)
  7 deep elf high priests
  3 great orbs of eyes
  3 rakshasas (Depths:1)
  28 vault guards
  Erolcha (D:9)
  15 naga warriors
  2 spriggan air magi (Depths:1)
  11 centaur warriors
  6 ice dragons
  3 catoblepae (Lair:6)
  4 merfolk aquamancers (Shoals:4)
  3 merfolk avatars
  9 anacondas
  7 hydras
  10 death yaks
  6 death knights
  A deep troll earth mage (Vaults:2)
  34 two-headed ogres
  2 alligator snapping turtles (Shoals:4)
  13 dancing weapons
  A hell hog (Zig:5)
  A deep troll shaman (Vaults:2)
  17 naga sharpshooters
  3 tengu warriors (Depths:1)
  A vampire mage (Depths:1)
  A spriggan berserker (Depths:1)
  4 shock serpents
  A shock serpent (shapeshifter) (Vaults:5)
  3 orc high priests
  2 salamander mystics
  2 shadow wraiths (Vaults:3)
  15 deep elf knights
  8 skeletal warriors
  A titan skeleton (Vaults:3)
  11 sea snakes
  A golden dragon zombie (Depths:1)
  A spriggan druid (Zig:4)
  4 unseen horrors
  3 glowing orange brains
  7 deep trolls
  An obsidian statue (D:14)
  2 flayed ghosts
  2 wizards
  2 swamp dragons (Zig:4)
  9 naga ritualists
  14 deep elf archers
  11 ironbrand convokers
  6 phantasmal warriors
  An orange crystal statue (D:14)
  2 lindwurms (Volcano)
  16 harpies
  4 necromancers
  30 ugly things
  2 wolf spider zombies
  14 cyclopes
  An orb spider (shapeshifter) (Vaults:4)
  A mana viper (shapeshifter) (D:15)
  10 mana vipers
  15 orc knights
  15 manticores
  9 orc sorcerers
  A manticore (shapeshifter) (Elf:2)
  6 wolf spiders
  9 oklob plants
  14 fauns
  2 tengu skeletons (Vaults:2)
  A worldbinder (Zig:10)
  9 salamanders
  6 elephants (Lair:6)
  5 human skeletons (Vaults:2)
  46 deep elf magi
  14 naga magi
  49 black mambas
  2 ice statues
  2 smoke demons
  An iron dragon skeleton (Depths:1)
  13 vault sentinels
  2 molten gargoyles (Volcano)
  A guardian serpent (shapeshifter) (Zig:5)
  12 merfolk sirens
  A rust devil (Zig:9)
  6 water nymphs
  A gargoyle (D:13)
  Joseph (D:9)
  3 guardian serpents (Snake:4)
  13 spiny frogs
  2 rime drakes
  3 demonic crawlers (Zig:8)
  43 yaktaurs
  A guardian mummy (Zig:1)
  A komodo dragon (shapeshifter) (Vaults:3)
  16 freezing wraiths
  3 efreet
  2 ancient zymes (Zig:10)
  4 komodo dragons
  10 trolls
  A jumping spider (shapeshifter) (D:15)
  32 merfolk
  3 jumping spiders
  A queen bee (shapeshifter) (Vaults:2)
  2 yaktaur skeletons
  A tengu conjurer (Depths:1)
  Prince Ribbit (D:8)
  3 polar bears
  A polar bear (shapeshifter) (Depths:1)
  A wind drake (shapeshifter) (Vaults:5)
  The ghost of adozu the Twirler, an amateur DsGl of Qazlal (D:4)
  4 wind drakes
  2 raiju
  6 hornets
  9 blink frogs (Lair:4)
  A fire giant simulacrum (Zig:5)
  A stone giant simulacrum (Vaults:3)
  18 slime creatures
  6 dream sheep
  10 hippogriffs
  A meliai zombie (D:13)
  Sigmund (D:2)
  7 snapping turtles
  2 air elementals
  An ettin skeleton (Vaults:2)
  A flying skull (Zig:1)
  2 shadows
  4 spriggans (Depths:1)
  2 redbacks (Zig:8)
  2 tarantellas (Zig:8)
  9 wraiths
  4 wyverns
  A yak (shapeshifter) (D:15)
  2 vampires
  3 hogs (shapeshifter)
  A basilisk (shapeshifter) (Depths:1)
  13 water elementals
  13 fire elementals
  4 basilisks
  70 yaks
  A steam dragon (D:13)
  6 small abominations
  A death yak simulacrum (IceCv)
  A chaos spawn (Zig:10)
  4 vampire mosquitoes
  A human simulacrum (Vaults:3)
  3 hungry ghosts
  63 nagas
  11 wargs
  An acid dragon (D:14)
  A soldier ant (D:12)
  12 water moccasins
  An acid dragon (shapeshifter) (Vaults:5)
  4 hell hounds (Snake:1)
  A swamp drake (Zig:2)
  A meliai simulacrum (D:15)
  A porcupine (shapeshifter) (Vaults:5)
  6 porcupines
  A black bear (D:7)
  8 sky beasts
  10 ice beasts
  57 orc warriors
  A black bear (shapeshifter) (Vaults:2)
  A hornet zombie (D:5)
  A necrophage (D:15)
  An alligator simulacrum (IceCv)
  6 wolves
  4 phantoms
  17 boggarts
  26 ogres
  36 centaurs
  2 elf skeletons (Vaults:2)
  14 crocodiles
  2 big kobolds
  17 bullfrogs
  6 earth elementals
  A deep troll simulacrum (Vaults:3)
  3 scorpions
  A tengu zombie (Depths:1)
  An elephant simulacrum (IceCv)
  6 killer bees (D:12)
  A swamp dragon simulacrum (IceCv)
  14 wights
  5 electric eels
  2 howler monkeys (D:12)
  2 bullfrog zombies
  4 centaur zombies
  6 crimson imps
  A quasit (D:7)
  4 bullfrog skeletons
  3 draconian simulacra (IceCv)
  12 hounds
  7 jellies
  23 orc priests
  4 centaur skeletons
  3 iguanas
  9 worker ants
  26 orc wizards
  3 troll simulacra (IceCv)
  3 centaur simulacra (IceCv)
  2 hound zombies (D:7)
  A mummy (Zig:1)
  A worker ant zombie (D:7)
  Robin (D:2)
  7 gnolls
  7 adders
  6 naga simulacra (IceCv)
  5 ogre simulacra (IceCv)
  2 shadow imps (D:15)
  24 white imps
  3 oozes
  3 worms
  An adder skeleton (D:7)
  3 dart slugs
  4 leopard geckos
  111 orcs
  9 bats
  3 giant cockroaches
  11 hobgoblins
  7 jackals
  11 kobolds
  3 quokkas
  A ball python (D:2)
  5 frilled lizards
  17 goblins
  A jackal skeleton (D:6)
  7 rats
  6 crawling corpses (Vaults:5)
  13 fungi
  13 plants
  2 starspawn tentacles (Zig:10)
  6 tentacles (Shoals:4)
1983 creatures vanquished.

Vanquished Creatures (collateral kills)
  A deep elf blademaster (Elf:3)
  A sphinx (Vaults:5)
  An ironheart preserver (Vaults:1)
  A vault guard (Vaults:1)
  A death knight (Vaults:2)
  A shadow demon (Zig:9)
  A tormentor (Zig:9)
  A troll (shapeshifter) (Vaults:1)
  An orc warrior (Vaults:5)
  A boggart (Vaults:2)
10 creatures vanquished.

Vanquished Creatures (others)
  A pandemonium lord (Zig:9)
  A merfolk aquamancer (Shoals:4)
  A deep elf mage (Elf:1)
  A tengu skeleton (Vaults:3)
  A molten gargoyle (Volcano)
  A yaktaur (Vaults:2)
  A chaos spawn (Zig:10)
  A small abomination (Zig:10)
  A fire vortex (Volcano)
  2 fungi (Lair:6)
  27 plants
  2 starspawn tentacles (Zig:10)
  29 tentacles (Shoals:4)
69 creatures vanquished.

Grand Total: 2062 creatures vanquished

Notes
Turn   | Place    | Note
-------+----------+-------------------------------------------
     0 | D:1      | Dorkslayer the Gnoll Fighter began the quest for the Orb.
     0 | D:1      | Reached XP level 1. HP: 23/23 MP: 1/1
    95 | D:1      | Reached XP level 2. HP: 29/29 MP: 2/2
   503 | D:1      | Reached XP level 3. HP: 35/35 MP: 3/3
   754 | D:2      | Reached skill level 1 in Invocations
   788 | D:2      | Noticed Robin
   805 | D:2      | Reached skill level 1 in Short Blades
   805 | D:2      | Reached skill level 1 in Long Blades
   805 | D:2      | Reached skill level 1 in Maces & Flails
   805 | D:2      | Reached skill level 1 in Polearms
   805 | D:2      | Reached skill level 1 in Staves
   805 | D:2      | Reached skill level 1 in Slings
   805 | D:2      | Reached skill level 1 in Bows
   805 | D:2      | Reached skill level 1 in Crossbows
   805 | D:2      | Reached skill level 1 in Throwing
   805 | D:2      | Reached skill level 1 in Dodging
   805 | D:2      | Reached skill level 1 in Stealth
   805 | D:2      | Reached skill level 1 in Unarmed Combat
   805 | D:2      | Reached skill level 1 in Spellcasting
   805 | D:2      | Reached skill level 1 in Evocations
   814 | D:2      | Killed Robin
   814 | D:2      | Reached XP level 4. HP: 39/41 MP: 5/5
  1077 | D:2      | Found a stormy altar of Qazlal.
  1222 | D:2      | Noticed Sigmund
  1236 | D:2      | Killed Sigmund
  1236 | D:2      | Reached skill level 1 in Conjurations
  1236 | D:2      | Reached skill level 1 in Hexes
  1236 | D:2      | Reached skill level 1 in Charms
  1236 | D:2      | Reached skill level 1 in Summonings
  1236 | D:2      | Reached skill level 1 in Necromancy
  1236 | D:2      | Reached skill level 1 in Translocations
  1236 | D:2      | Reached skill level 1 in Transmutations
  1236 | D:2      | Reached skill level 1 in Fire Magic
  1236 | D:2      | Reached skill level 1 in Ice Magic
  1236 | D:2      | Reached skill level 1 in Air Magic
  1236 | D:2      | Reached skill level 1 in Earth Magic
  1236 | D:2      | Reached skill level 1 in Poison Magic
  1236 | D:2      | Reached XP level 5. HP: 42/47 MP: 5/7
  1236 | D:2      | Reached XP level 6. HP: 48/53 MP: 5/8
  1534 | D:3      | Found a glowing golden altar of the Shining One.
  1558 | D:3      | Found a sacrificial altar of Ru.
  1563 | D:3      | Became a worshipper of the Shining One
  1597 | D:3      | Found a hazy altar of Hepliaklqana.
  1701 | D:3      | Found a sacrificial altar of Ru.
  2307 | D:4      | Reached skill level 5 in Axes
  2402 | D:4      | Noticed adozu's ghost (amateur DsGl)
  2408 | D:4      | Killed adozu's ghost
  2408 | D:4      | Reached skill level 7 in Armour
  2408 | D:4      | Reached XP level 7. HP: 60/60 MP: 10/10
  2443 | D:4      | Got a shimmering ring mail
  2454 | D:4      | Identified the +5 ring mail of Weightlessness {rF+ Str+3 Int-5 Dex+3} (You found it on level 4 of the Dungeon)
  2870 | D:4      | Reached XP level 8. HP: 67/67 MP: 12/12
  3095 | D:5      | Entered Level 5 of the Dungeon
  3408 | D:5      | Found Izach's Antique Armour Shoppe.
  3445 | D:5      | Bought a pair of runed gloves for 217 gold pieces
  3514 | D:5      | Found Cetoa's Weapon Emporium.
  3524 | D:5      | Got a polished morningstar
  3525 | D:5      | Identified the cursed +3 morningstar of Infinity {crush, rElec} (You found it on level 5 of the Dungeon)
  3539 | D:5      | Found Pocyb's Weapon Emporium.
  3756 | D:5      | Found Yjoacwina's Assorted Antiques.
  3762 | D:5      | Found Tuewol's Distillery.
  4031 | D:6      | Found a staircase to the Ecumenical Temple.
  4103 | D:6      | Reached * piety under the Shining One
  4242 | D:6      | Reached XP level 9. HP: 72/72 MP: 14/14
  4304 | D:7      | Found an ancient bone altar of Kikubaaqudgha.
  4304 | D:7      | Found a stormy altar of Qazlal.
  4309 | D:7      | Found a deep blue altar of Sif Muna.
  4326 | D:7      | Found a blossoming altar of Fedhas.
  4899 | D:8      | Reached ** piety under the Shining One
  4904 | D:8      | Got a brightly glowing arbalest
  4919 | D:8      | Identified the +10 arbalest of Foolhardiness {venom, rC- rN+ Int+2 Stlth+} (You found it on level 8 of the Dungeon)
  5031 | D:8      | Noticed Prince Ribbit
  5037 | D:8      | Killed Prince Ribbit
  5037 | D:8      | Reached skill level 8 in Armour
  5232 | D:8      | Reached skill level 5 in Invocations
  5324 | D:8      | Noticed a two-headed ogre
  5329 | D:8      | Killed a two-headed ogre
  5329 | D:8      | Reached XP level 10. HP: 80/80 MP: 15/17
  5374 | D:8      | Reached skill level 5 in Short Blades
  5374 | D:8      | Reached skill level 5 in Long Blades
  5374 | D:8      | Reached skill level 5 in Maces & Flails
  5374 | D:8      | Reached skill level 5 in Polearms
  5374 | D:8      | Reached skill level 5 in Staves
  5374 | D:8      | Reached skill level 5 in Slings
  5374 | D:8      | Reached skill level 5 in Bows
  5374 | D:8      | Reached skill level 5 in Crossbows
  5374 | D:8      | Reached skill level 5 in Throwing
  5374 | D:8      | Reached skill level 5 in Dodging
  5374 | D:8      | Reached skill level 5 in Stealth
  5374 | D:8      | Reached skill level 5 in Unarmed Combat
  5374 | D:8      | Reached skill level 5 in Spellcasting
  5374 | D:8      | Reached skill level 5 in Evocations
  5413 | D:8      | Got a pair of shimmering gloves
  5424 | D:8      | Identified the +2 pair of gloves of Siut {rN+} (You found it on level 8 of the Dungeon)
  5803 | D:9      | Noticed a two-headed ogre
  5808 | D:9      | Killed a two-headed ogre
  5861 | D:9      | Found a staircase to the Orcish Mines.
  5895 | D:9      | Noticed Erolcha
  5900 | D:9      | Killed Erolcha
  6289 | D:9      | Noticed Joseph
  6311 | D:9      | Killed Joseph
  6484 | D:9      | Found an iron altar of Okawaru.
  6485 | D:9      | Noticed a two-headed ogre
  6494 | D:9      | Killed a two-headed ogre
  6494 | D:9      | Reached XP level 11. HP: 67/87 MP: 19/19
  6687 | D:9      | Reached *** piety under the Shining One
  6891 | D:9      | Reached skill level 9 in Armour
  6897 | D:9      | Reached skill level 5 in Conjurations
  6897 | D:9      | Reached skill level 5 in Hexes
  6897 | D:9      | Reached skill level 5 in Charms
  6897 | D:9      | Reached skill level 5 in Summonings
  6897 | D:9      | Reached skill level 5 in Necromancy
  6897 | D:9      | Reached skill level 5 in Translocations
  6897 | D:9      | Reached skill level 5 in Transmutations
  6897 | D:9      | Reached skill level 5 in Fire Magic
  6897 | D:9      | Reached skill level 5 in Ice Magic
  6897 | D:9      | Reached skill level 5 in Air Magic
  6897 | D:9      | Reached skill level 5 in Earth Magic
  6897 | D:9      | Reached skill level 5 in Poison Magic
  7301 | D:9      | Found a deep blue altar of Sif Muna.
  7382 | Orc:1    | Entered Level 1 of the Orcish Mines
  7418 | Orc:1    | Noticed an orc knight
  7427 | Orc:1    | Killed an orc knight
  7643 | Orc:1    | Noticed an orc sorcerer
  7649 | Orc:1    | Killed an orc sorcerer
  7679 | Orc:1    | Noticed an orc sorcerer
  7685 | Orc:1    | Killed an orc sorcerer
  7688 | Orc:1    | Noticed an orc warlord
  7703 | Orc:1    | Killed an orc warlord
  7993 | Orc:1    | Found Jur Vuo's Antique Weapon Emporium.
  8015 | Orc:1    | Noticed an orc high priest
  8025 | Orc:1    | Reached XP level 12. HP: 96/96 MP: 22/22
  8073 | Orc:1    | Paralysed by an orc sorcerer for 2 turns
  8124 | Orc:1    | Reached **** piety under the Shining One
  8131 | Orc:1    | Killed an orc high priest
  8931 | D:10     | Entered Level 10 of the Dungeon
  8931 | D:10     | Found a bloodstained altar of Trog.
  8931 | D:10     | Noticed a two-headed ogre
  8936 | D:10     | Killed a two-headed ogre
  9191 | D:10     | Found a bloodstained altar of Trog.
  9471 | D:10     | Found a staircase to the Lair.
 10079 | D:11     | Noticed a two-headed ogre
 10086 | D:11     | Killed a two-headed ogre
 10092 | D:11     | Reached ***** piety under the Shining One
 10204 | D:11     | Got a warped falchion
 10205 | D:11     | Identified the +4 falchion "Hodimeukk" {protect, *Noise Dex+7} (You found it on level 11 of the Dungeon)
 10278 | D:11     | Reached skill level 10 in Fighting
 10278 | D:11     | Reached skill level 10 in Armour
 10278 | D:11     | Reached skill level 10 in Shields
 10297 | D:11     | Noticed a two-headed ogre
 10328 | D:11     | Killed a two-headed ogre
 10452 | D:11     | Noticed an eight-headed hydra
 10452 | D:11     | Noticed a two-headed ogre
 10455 | D:11     | Noticed a two-headed ogre
 10590 | D:11     | Killed an eight-headed hydra
 10590 | D:11     | Reached XP level 13. HP: 92/103 MP: 24/24
 10834 | D:12     | Found a blossoming altar of Fedhas.
 10858 | D:12     | Found a labyrinth entrance.
 10884 | Lab      | Entered a labyrinth
 11412 | Lab      | Noticed a minotaur
 11417 | Lab      | Killed a minotaur
 11419 | Lab      | Found the +27 Lear's hauberk
 11419 | Lab      | Got a steaming diamond amulet
 11429 | Lab      | Identified the amulet of Gettelij {Faith rElec rN+ MR+} (You found it in a labyrinth)
 11437 | Lab      | Got a jewelled chain mail
 11519 | D:12     | Identified the +0 chain mail "Ratoy" {rC+ Dex+2} (You found it in a labyrinth)
 12320 | D:12     | Got a faintly glowing great sword
 12326 | D:12     | Identified the cursed +2 great sword of Guile {flame, rN+ Dex+2} (You found it on level 12 of the Dungeon)
 12966 | D:13     | Reached ****** piety under the Shining One
 12991 | D:13     | Reached XP level 14. HP: 109/111 MP: 26/26
 13695 | D:13     | Reached skill level 10 in Axes
 13789 | D:13     | Reached skill level 11 in Armour
 14072 | D:13     | Found a gate to the Vaults.
 14195 | D:13     | Got a polished morningstar
 14196 | D:13     | Identified the +7 morningstar of Valour {crush, rPois Str+8 Int-5} (You found it on level 13 of the Dungeon)
 14779 | D:5      | Bought a scroll labeled VOIP HEYGO for 30 gold pieces
 14779 | D:5      | Bought a scroll labeled VOXTIV BENI for 30 gold pieces
 14779 | D:5      | Bought a scroll labeled VOIP HEYGO for 30 gold pieces
 15474 | Orc:2    | Entered Level 2 of the Orcish Mines
 15533 | Orc:1    | Noticed an orc warlord
 15546 | Orc:1    | Killed an orc warlord
 15555 | Orc:1    | Paralysed by an orc sorcerer for 5 turns
 15735 | Orc:2    | Found a staircase to the Elven Halls.
 15755 | Orc:2    | Found Kaoskil's Assorted Antiques.
 15798 | Orc:2    | Bought a fuming clear potion for 22 gold pieces
 15798 | Orc:2    | Bought a scroll of identify for 50 gold pieces
 15798 | Orc:2    | Bought a scroll labeled VOIP HEYGO for 25 gold pieces
 15814 | Orc:2    | Found Vurhas's Food Boutique.
 16081 | Orc:2    | Found Xuoqanao's Gadget Shop.
 16133 | Orc:2    | Reached skill level 10 in Invocations
 16441 | Orc:2    | Identified a +6 broad axe of holy wrath (a +4 broad axe blessed by the Shining One)
 16441 | Orc:2    | Received a gift from the Shining One
 16809 | Orc:2    | Found Tyketz's General Store.
 16825 | Orc:2    | Bought a scroll of identify for 36 gold pieces
 16901 | Orc:2    | Found Sufunwae's Jewellery Shop.
 16901 | Orc:2    | Found Colafreu's Jewellery Emporium.
 16903 | Orc:2    | Found Ixop Ulucw's Food Shoppe.
 16905 | Orc:2    | Found Ulethrewn's Gadget Boutique.
 16969 | Orc:2    | Bought a lamp of fire for 480 gold pieces
 16969 | Orc:2    | Bought a wand of acid (7/15) for 264 gold pieces
 17062 | Orc:2    | Bought a bone wand for 100 gold pieces
 17062 | Orc:2    | Bought a heavily runed ivory ring for 125 gold pieces
 17068 | Orc:2    | Identified the ring "Ziasacs" {+Blink +Fly rF+ rN+ Int+4} (You bought it in a shop on level 2 of the Orcish Mines)
 17342 | D:5      | Bought a potion of agility for 52 gold pieces
 17342 | D:5      | Bought a potion of invisibility for 104 gold pieces
 17342 | D:5      | Bought a potion of ambrosia for 104 gold pieces
 17623 | Lair:1   | Entered Level 1 of the Lair of Beasts
 17623 | Lair:1   | Found a frozen archway.
 17647 | IceCv    | Entered an ice cave
 17929 | IceCv    | Found an ancient bone altar of Kikubaaqudgha.
 17983 | IceCv    | Learned a level 3 spell: Inner Flame
 17989 | IceCv    | Learned a level 5 spell: Fireball
 18040 | IceCv    | Learned a level 1 spell: Flame Tongue
 18785 | Lair:1   | Got a slimy chain mail
 18796 | Lair:1   | Identified the cursed +0 chain mail "Xioczes" {rElec Regen+ Dex+2} (You found it on level 1 of the Lair of Beasts)
 19457 | Lair:2   | Reached XP level 15. HP: 82/119 MP: 28/28
 19549 | Lair:2   | Found a staircase to the Shoals.
 19799 | Lair:3   | Found a dark tunnel.
 19808 | Volcano  | Entered a volcano
 20921 | Lair:4   | Found a staircase to the Snake Pit.
 22066 | Lair:5   | Found a runed door.
 22074 | Lair:5   | Found a viscous altar of Jiyva.
 22074 | Lair:5   | Found a staircase to the Slime Pits.
 22074 | Lair:5   | Noticed an azure jelly
 22074 | Lair:5   | Noticed an azure jelly
 22074 | Lair:5   | Noticed an azure jelly
 22080 | Lair:5   | Killed an azure jelly
 22083 | Lair:5   | Killed an azure jelly
 22085 | Lair:5   | Killed an azure jelly
 22085 | Lair:5   | Reached skill level 10 in Short Blades
 22085 | Lair:5   | Reached skill level 10 in Long Blades
 22085 | Lair:5   | Reached skill level 10 in Maces & Flails
 22085 | Lair:5   | Reached skill level 10 in Polearms
 22085 | Lair:5   | Reached skill level 10 in Staves
 22085 | Lair:5   | Reached skill level 10 in Slings
 22085 | Lair:5   | Reached skill level 10 in Bows
 22085 | Lair:5   | Reached skill level 10 in Crossbows
 22085 | Lair:5   | Reached skill level 10 in Throwing
 22085 | Lair:5   | Reached skill level 10 in Dodging
 22085 | Lair:5   | Reached skill level 10 in Stealth
 22085 | Lair:5   | Reached skill level 10 in Unarmed Combat
 22085 | Lair:5   | Reached skill level 10 in Spellcasting
 22085 | Lair:5   | Reached skill level 10 in Evocations
 22124 | Lair:6   | Entered Level 6 of the Lair of Beasts
 23078 | Lair:6   | Reached skill level 12 in Armour
 23131 | Lair:6   | Reached XP level 16. HP: 105/127 MP: 30/30
 23507 | Lair:6   | Learned a level 1 spell: Magic Dart
 23510 | Lair:6   | Learned a level 2 spell: Blink
 23685 | Snake:1  | Entered Level 1 of the Snake Pit
 24158 | Shoals:1 | Entered Level 1 of the Shoals
 24730 | Shoals:1 | Noticed Frances
 24737 | Shoals:1 | Killed Frances
 24900 | Shoals:1 | Noticed Donald
 24908 | Shoals:1 | Killed Donald
 24934 | Shoals:1 | Got a translucent shield
 24945 | Shoals:1 | Identified the +5 shield "Hewnymes" {Int+6} (You took it off Donald on level 1 of the Shoals)
 26537 | Shoals:3 | Reached XP level 17. HP: 80/135 MP: 32/32
 26971 | Shoals:4 | Entered Level 4 of the Shoals
 27223 | Shoals:4 | Noticed a kraken
 27240 | Shoals:4 | Killed a kraken
 27541 | Shoals:4 | Got a barnacled rune of Zot
 27808 | Shoals:4 | Noticed a kraken
 27825 | Shoals:4 | Killed a kraken
 28029 | Shoals:4 | Noticed Ilsuiw
 28038 | Shoals:4 | Killed Ilsuiw
 28062 | Shoals:4 | Got a crude flail
 28063 | Shoals:4 | Identified the +4 flail of Upheaval {drain, MR+ Str+2} (You found it on level 4 of the Shoals)
 28329 | Shoals:4 | Noticed a kraken
 28354 | Shoals:4 | Killed a kraken
 28590 | Shoals:2 | Reached skill level 13 in Armour
 29077 | D:5      | Bought a potion of curing for 90 gold pieces
 29077 | D:5      | Bought a potion of resistance for 300 gold pieces
 29082 | D:5      | Bought a potion of haste for 130 gold pieces
 29082 | D:5      | Bought a potion of curing for 39 gold pieces
 29082 | D:5      | Bought a potion of curing for 39 gold pieces
 29082 | D:5      | Bought a potion of heal wounds for 65 gold pieces
 29243 | Orc:2    | Bought a potion of berserk rage for 90 gold pieces
 29348 | Orc:2    | Bought a pair of glowing boots for 187 gold pieces
 29358 | Orc:2    | Identified a +0 pair of boots of running (You bought it in a shop on level 2 of the Orcish Mines)
 29370 | Elf:1    | Entered Level 1 of the Elven Halls
 29431 | Elf:1    | Found a magical portal.
 29436 | WizLab   | Entered Cigotuvi's Fleshworks
 29813 | Elf:1    | Found a radiant altar of Vehumet.
 29838 | Elf:1    | Reached skill level 10 in Conjurations
 29838 | Elf:1    | Reached skill level 10 in Hexes
 29838 | Elf:1    | Reached skill level 10 in Charms
 29838 | Elf:1    | Reached skill level 10 in Summonings
 29838 | Elf:1    | Reached skill level 10 in Necromancy
 29838 | Elf:1    | Reached skill level 10 in Translocations
 29838 | Elf:1    | Reached skill level 10 in Transmutations
 29838 | Elf:1    | Reached skill level 10 in Fire Magic
 29838 | Elf:1    | Reached skill level 10 in Ice Magic
 29838 | Elf:1    | Reached skill level 10 in Air Magic
 29838 | Elf:1    | Reached skill level 10 in Earth Magic
 29838 | Elf:1    | Reached skill level 10 in Poison Magic
 30000 | Elf:1    | Got a shimmering spear
 30001 | Elf:1    | Identified the +8 spear of the Tent {elec, +Blink +Inv rC+} (You found it on level 1 of the Elven Halls)
 30041 | Elf:1    | Reached XP level 18. HP: 129/143 MP: 33/33
 30795 | Elf:2    | Found a huge runed gate.
 30795 | Elf:2    | Found a huge runed gate.
 30796 | Elf:2    | Found a huge runed gate.
 30797 | Elf:2    | Found a huge runed gate.
 30804 | Elf:2    | Found a huge runed gate.
 30941 | Elf:3    | Entered Level 3 of the Elven Halls
 30980 | Elf:3    | Found Teimups's General Store.
 30983 | Elf:3    | Bought a scroll of identify for 28 gold pieces
 30983 | Elf:3    | Bought a potion of curing for 42 gold pieces
 30983 | Elf:3    | Bought a scroll of identify for 28 gold pieces
 31280 | Elf:3    | Noticed a deep elf blademaster
 31286 | Elf:3    | Killed a deep elf blademaster
 31287 | Elf:3    | Noticed a deep elf master archer
 31291 | Elf:3    | Noticed a deep elf blademaster
 31296 | Elf:3    | Noticed a deep elf master archer
 31296 | Elf:3    | Killed a deep elf master archer
 31297 | Elf:3    | Killed a deep elf blademaster
 31297 | Elf:3    | Was placed under penance by the Shining One
 31629 | Elf:3    | Noticed a Hell Sentinel
 31652 | Elf:3    | HP: 4/144 [Hell Sentinel/iron shot[a deep elf demonologist] (21)]
 32085 | Elf:3    | Cast into level 3 of the Abyss (a deep elf demonologist)
 32085 | Abyss:3  | Found a corrupted altar of Lugonu.
 32117 | Elf:3    | Escaped the Abyss
 32119 | Elf:3    | Noticed an Ice Fiend
 32128 | Elf:3    | Reached XP level 19. HP: 98/151 MP: 35/35
 32141 | Elf:3    | Noticed a Hell Sentinel
 32306 | Elf:3    | Upgraded the game from 0.21-a0-404-g291f19a to 0.21-a0-405-gf2af9a1
 32406 | Elf:3    | Got a steaming battleaxe {elec}
 32412 | Elf:3    | Identified the +4 battleaxe "Lorem Ipsum" {elec, *Noise rPois Str+5} (You took it off a deep elf death mage on level 3 of the Elven Halls)
 32489 | Elf:3    | Identified the Catalogue of Toxic Heat
 32520 | Elf:3    | Got a twitching platinum ring
 32522 | Elf:3    | Identified the ring of Bodily Harmony {rElec rC- Slay+3 SInv} (You found it on level 3 of the Elven Halls)
 32525 | Elf:3    | Got a flickering marble ring
 32527 | Elf:3    | Identified the ring of Lies {Int+4 Stlth+} (You found it on level 3 of the Elven Halls)
 32553 | Elf:3    | Got a twisted chain mail
 32564 | Elf:3    | Identified the cursed +1 chain mail of Ycuwn {*Drain MR+ Str+3} (You found it on level 3 of the Elven Halls)
 33206 | Elf:3    | Found Joijiylu's Jewellery Boutique.
 33206 | Elf:3    | Found Joss's Gadget Emporium.
 33207 | Elf:3    | Found Duhif's Jewellery Boutique.
 33744 | D:14     | Upgraded the game from 0.21-a0-405-gf2af9a1 to 0.21-a0-413-g4a39e9c
 33811 | D:14     | Upgraded the game from 0.21-a0-413-g4a39e9c to 0.21-a0-414-gba8bdf1
 34081 | D:14     | Was forgiven by the Shining One
 34378 | D:14     | Reached skill level 14 in Armour
 34441 | D:15     | Entered Level 15 of the Dungeon
 35180 | D:15     | Found a staircase to the Depths.
 35228 | Depths:1 | Entered Level 1 of the Depths
 35609 | Depths:1 | Noticed an ancient lich
 35610 | Depths:1 | Found a gateway to a ziggurat.
 35611 | Depths:1 | Noticed a Tzitzimitl
 35613 | Depths:1 | Noticed an Ice Fiend
 35623 | Depths:1 | Noticed a Tzitzimitl
 35807 | Vaults:1 | Entered Level 1 of the Vaults
 36033 | Vaults:1 | Identified the Reference Book on Torrid Evil
 36082 | Vaults:1 | Reached XP level 20. HP: 159/159 MP: 36/36
 36229 | Vaults:1 | Noticed Nikola
 36249 | Vaults:1 | Killed Nikola
 36649 | Vaults:1 | Found Olala's Gadget Boutique.
 37056 | Vaults:1 | Reached skill level 15 in Armour
 37199 | Vaults:1 | Noticed Jorgrun
 37216 | Vaults:1 | Killed Jorgrun
 37644 | Vaults:2 | Got a crude hat
 37655 | Vaults:2 | Identified the +1 hat "Forget-Me-Not" {rN+ Int+3} (You found it on level 2 of the Vaults)
 37936 | Vaults:2 | Found a staircase to the Crypt.
 38244 | Vaults:2 | Reached XP level 21. HP: 166/166 MP: 38/38
 38385 | Vaults:2 | Found a deep blue altar of Sif Muna.
 39822 | Vaults:3 | Reached skill level 16 in Armour
 40317 | Vaults:4 | Reached skill level 15 in Fighting
 40317 | Vaults:4 | Reached skill level 15 in Shields
 40711 | Vaults:4 | Learned a level 6 spell: Bolt of Fire
 40729 | Vaults:4 | Learned a level 8 spell: Chain Lightning
 40739 | Vaults:4 | Learned a level 9 spell: Fire Storm
 40987 | Vaults:4 | Found Woffa's Magic Scroll Shop.
 41001 | Vaults:4 | Bought a scroll of recharging for 180 gold pieces
 41001 | Vaults:4 | Bought a scroll of identify for 38 gold pieces
 41001 | Vaults:4 | Bought a scroll of holy word for 142 gold pieces
 41001 | Vaults:4 | Bought a scroll of identify for 38 gold pieces
 41001 | Vaults:4 | Bought a scroll of magic mapping for 66 gold pieces
 41101 | Vaults:4 | Reached skill level 15 in Invocations
 41335 | Vaults:4 | Noticed Aizul
 41346 | Vaults:4 | Killed Aizul
 41506 | Vaults:5 | Entered Level 5 of the Vaults
 41573 | Vaults:5 | Reached XP level 22. HP: 121/175 MP: 40/40
 42008 | Vaults:5 | Noticed a golden dragon
 42021 | Vaults:4 | Killed a golden dragon
 42069 | Vaults:5 | Noticed an ancient lich
 42082 | Vaults:5 | Killed an ancient lich
 42108 | Vaults:5 | Reached skill level 17 in Armour
 42133 | Vaults:5 | Reached skill level 15 in Axes
 42409 | Vaults:5 | Noticed an ancient lich
 42425 | Vaults:5 | Killed an ancient lich
 42426 | Vaults:5 | Noticed a golden dragon
 42441 | Vaults:5 | Killed a golden dragon
 42441 | Vaults:5 | Reached XP level 23. HP: 62/183 MP: 41/41
 43182 | Vaults:5 | Found Tayseumm's Food Emporium.
 43238 | Vaults:5 | Found Zeduthrett's Magic Scroll Boutique.
 43242 | Vaults:5 | Bought a scroll of identify for 24 gold pieces
 43242 | Vaults:5 | Bought a scroll of enchant armour for 90 gold pieces
 43280 | Vaults:5 | Found Gokkopni's Magic Scroll Shop.
 43285 | Vaults:5 | Bought a scroll of enchant weapon for 150 gold pieces
 43463 | Vaults:5 | Identified the Volume of Entrancing Darkness
 43464 | Vaults:5 | Identified the Tome of Creative Heat
 43478 | Vaults:5 | Got a silver rune of Zot
 43610 | Vaults:5 | Noticed an ancient lich
 43620 | Vaults:5 | Killed an ancient lich
 43677 | Vaults:5 | Noticed an ancient lich
 43688 | Vaults:5 | Killed an ancient lich
 43855 | Vaults:5 | Identified the amulet of Hospitality {Inacc rN++} (You found it on level 5 of the Vaults)
 43856 | Vaults:5 | Identified the Tome of Dusty Transmigration
 44478 | Snake:1  | Found an ancient bone altar of Kikubaaqudgha.
 44581 | Snake:1  | Noticed Azrael
 44602 | Snake:1  | Killed Azrael
 45501 | Snake:2  | Reached skill level 15 in Short Blades
 45501 | Snake:2  | Reached skill level 15 in Long Blades
 45501 | Snake:2  | Reached skill level 15 in Maces & Flails
 45501 | Snake:2  | Reached skill level 15 in Polearms
 45501 | Snake:2  | Reached skill level 15 in Staves
 45501 | Snake:2  | Reached skill level 15 in Slings
 45501 | Snake:2  | Reached skill level 15 in Bows
 45501 | Snake:2  | Reached skill level 15 in Crossbows
 45501 | Snake:2  | Reached skill level 15 in Throwing
 45501 | Snake:2  | Reached skill level 15 in Dodging
 45501 | Snake:2  | Reached skill level 15 in Stealth
 45501 | Snake:2  | Reached skill level 15 in Unarmed Combat
 45501 | Snake:2  | Reached skill level 15 in Spellcasting
 45501 | Snake:2  | Reached skill level 15 in Evocations
 45749 | Snake:2  | Reached skill level 18 in Armour
 47201 | Snake:4  | Entered Level 4 of the Snake Pit
 47383 | Snake:4  | Reached XP level 24. HP: 175/191 MP: 42/42
 47864 | Snake:4  | Got a serpentine rune of Zot
 49638 | Vaults:1 | Bought a wand of digging (9/24) for 416 gold pieces
 49882 | Depths:1 | Killed an ancient lich
 50095 | Depths:1 | Noticed the Enchantress
 50117 | Depths:1 | Killed the Enchantress
 50169 | Depths:1 | Got faerie dragon scales
 50180 | Depths:1 | Identified the +4 faerie dragon scales {rCorr Dex+3} (You took it off the Enchantress on level 1 of the Depths)
 50253 | Depths:1 | Found a gateway to Hell.
 50762 | Zig:1    | Entered Level 1 of a ziggurat
 50783 | Zig:2    | Entered Level 2 of a ziggurat
 50828 | Zig:3    | Entered Level 3 of a ziggurat
 50842 | Zig:3    | Reached skill level 19 in Armour
 50865 | Zig:4    | Entered Level 4 of a ziggurat
 51178 | Zig:5    | Entered Level 5 of a ziggurat
 51188 | Zig:5    | Found the +0 sword of Power
 51339 | Zig:6    | Entered Level 6 of a ziggurat
 51394 | Zig:6    | Reached XP level 25. HP: 180/200 MP: 42/42
 51442 | Zig:7    | Entered Level 7 of a ziggurat
 51544 | Zig:7    | Identified the cursed +1 great sword of Change {flame, Dex+2} (You found it on level 7 of a ziggurat)
 51735 | Zig:8    | Entered Level 8 of a ziggurat
 51782 | Zig:8    | Reached XP level 26. HP: 183/207 MP: 2/42
 51931 | Zig:9    | Entered Level 9 of a ziggurat
 51939 | Zig:9    | Noticed Gumuir the pandemonium lord
 51966 | Zig:9    | Killed Gumuir the pandemonium lord
 51971 | Zig:9    | Found the +3 pair of gauntlets of War {Slay+5}
 52096 | Zig:10   | Entered Level 10 of a ziggurat
 52236 | Zig:10   | Identified the Disquisition on the Blaze
 52253 | Zig:11   | Entered Level 11 of a ziggurat
 52264 | Zig:11   | Noticed Fuistrez the pandemonium lord
 52277 | Zig:11   | Found the +7 captain's cutlass {speed, disarm}
 52282 | Zig:11   | Killed from afar by a hellion

Vault maps used:
D:1:      minmay_arrival_stair_chambers, glass_columns_a, st_stairs_7,
          corexii_item_surrounded_by_moat
D:2:      nicolae_qazlal_eye_of_the_storm, uniq_sigmund, uniq_robin
D:3:      wad_lake_hut, lemuel_doored_altar,
          chequers_temple_overflow_statue_of_worship, nicolae_ru_awakened_eye
D:4:      first_bread, kennysheep_generic_room_4
D:5:      serial_shops, nicolae_shop_overgrown_old_shop, kennysheep_mini_moat,
          shop, shop, shop_fountains
D:6:      minmay_temple_entry_fiery
D:7:      kennysheep_spiral_hall, nicolae_overflow_quartered_altars
D:8:      blue_anna_alchemist, grunt_ministairs_9, kennysheep_generic_room_8,
          uniq_prince_ribbit1
D:9:      kennysheep_orc_sif_temple, overflow_temple_1_default, uniq_joseph,
          uniq_erolcha
D:10:     erik_lair_island, basic_altar, trog_ov_bears_minmay
D:12:     basic_altar, lab_entry_generic, minivault_4
D:13:     minmay_the_grid_triangle_9x9_rhombus_thin, david_vaults_5
D:14:     minmay_more_statues
D:15:     gammafunk_enter_depths_forms, minmay_misc_feat_diagonals
Lair:1:   portal_ice_cave_entry_imps
Lair:2:   elwin_shoals_entry_rocks, minmay_lair_oklob_chamber,
          serial_bayou_shore_b
Lair:3:   enter_volcano_4, grunt_megastairs_5, infiniplex_staircase_pool
Lair:4:   dummy_snake_entry, grunt_megastairs_3
Lair:5:   slime_altar_2
Lair:6:   evilmike_catoblepas_cave
Shoals:1: uniq_donald, uniq_frances
Shoals:4: shoals_end_grunt_ice, shoals_ilsuiw_ice
Snake:1:  basic_altar, uniq_azrael
Snake:2:  hangedman_snake_corridor_split, lemuel_fruit_tree,
          serial_bayou_shore_a
Snake:3:  cheibrodos_forgotten_conduit
Snake:4:  minmay_snake_end_coiled, grunt_ministairs_10
Orc:1:    serial_shops, shop_statue
Orc:2:    st_orc_rangers, serial_shops, nicolae_shop_statue_plus, shop,
          nicolae_shop_crystal, shop
Elf:1:    eino_elf_arrival_altar, infiniplex_enter_wizlab_spiral,
          statue_in_the_mist_lemuel
Elf:3:    elf_hall, serial_shops, shop, hangedman_elf_power_crystal,
          minmay_shop_grove
Vaults:1: nicolae_vaults_twisting_passages, ontoclasm_vaults_fault,
          nicolae_vaults_gold_heap, nicolae_vaults_three_branches, v_pattern_4,
          v_misc_16, hangedman_vaults_pinch, ontoclasm_vaults_misaligned,
          ontoclasm_vaults_ring_square, nicolae_vaults_theta, serial_shops,
          shop, uniq_nikola, uniq_jorgrun
Vaults:2: minmay_crypt_entry_skeletal_spiral, hangedman_vaults_variations,
          v_rooms_4, nicolae_vaults_display_case, hangedman_vaults_nails,
          nicolae_vaults_disjoint_gnomons, serial_ice_g, hangedman_vaults_trim,
          ontoclasm_vaults_bender, v_misc_32,
          hangedman_vaults_stretched_pinwheel, nicolae_vaults_little_squares_6,
          basic_altar
Vaults:3: v_misc_11, vaults_mumra_hexcomb, vaults_dpeg_cross, v_alt_pattern_3,
          nicolae_vaults_diagonal_hallway_8, vaults_room_door_hall,
          vaults_room_large_hall, nicolae_vaults_little_squares_2,
          hangedman_vaults_restitches, v_rooms_5, vaults_dpeg_ring
Vaults:4: nicolae_vaults_ninety_degrees, vaults_room_hallway, vaults_mumra_lcd,
          nicolae_vaults_ring_of_whatevers, nicolae_vaults_network_barrier,
          v_misc_24, nicolae_vaults_little_squares_5, v_misc_31, v_misc_19,
          serial_shops, nicolae_shop_waterfront, uniq_aizul
Depths:1: enter_ziggurat_d, serial_sigils_hangedman_shear, hell_entry,
          minmay_orc_keep, uniq_enchantress
Abyss:3:  hangedman_abyss_theft
Zig:8:    ziggurat_pillar_centre_c
Zig:10:   ziggurat_pillar_centre_oklobs
IceCv:    ice_cave_small_necro
Volcano:  volcano_aerie
WizLab:   wizlab_cigotuvi

Skill      XL: |  1  2  3  4  5  6  7  8  9 10 11 12 13 14 15 16 17 18 19 20 21 22 23 24 25 26 |
---------------+-------------------------------------------------------------------------------+-----
Invocations    | 1 2 3 4 5 6 7 8 9 10 11 12 13 14 15 16 17 | 17.2
Short Blades   | 1 2 3 4 5 6 7 8 9 10 11 12 13 14 15 16 | 16.0
Long Blades    | 1 2 3 4 5 6 7 8 9 10 11 12 13 14 15 16 | 16.0
Maces & Flails | 1 2 3 4 5 6 7 8 9 10 11 12 13 14 15 16 | 16.0
Polearms       | 1 2 3 4 5 6 7 8 9 10 11 12 13 14 15 16 | 16.0
Staves         | 1 2 3 4 5 6 7 8 9 10 11 12 13 14 15 16 | 16.0
Slings         | 1 2 3 4 5 6 7 8 9 10 11 12 13 14 15 16 | 16.0
Bows           | 1 2 3 4 5 6 7 8 9 10 11 12 13 14 15 16 | 16.0
Crossbows      | 1 2 3 4 5 6 7 8 9 10 11 12 13 14 15 16 | 16.0
Throwing       | 1 2 3 4 5 6 7 8 9 10 11 12 13 14 15 16 | 16.0
Dodging        | 1 2 3 4 5 6 7 8 9 10 11 12 13 14 15 16 | 16.0
Stealth        | 1 2 3 4 5 6 7 8 9 10 11 12 13 14 15 16 | 16.0
Unarmed Combat | 1 2 3 4 5 6 7 8 9 10 11 12 13 14 15 16 | 16.0
Spellcasting   | 1 2 3 4 5 6 7 8 9 10 11 12 13 14 15 16 | 16.0
Evocations     | 1 2 3 4 5 6 7 8 9 10 11 12 13 14 15 16 | 16.0
Conjurations   | 1 2 3 4 5 6 7 8 9 10 11 12 13 | 13.8
Hexes          | 1 2 3 4 5 6 7 8 9 10 11 12 13 | 13.8
Charms         | 1 2 3 4 5 6 7 8 9 10 11 12 13 | 13.8
Summonings     | 1 2 3 4 5 6 7 8 9 10 11 12 13 | 13.8
Necromancy     | 1 2 3 4 5 6 7 8 9 10 11 12 13 | 13.8
Translocations | 1 2 3 4 5 6 7 8 9 10 11 12 13 | 13.8
Transmutations | 1 2 3 4 5 6 7 8 9 10 11 12 13 | 13.8
Fire Magic     | 1 2 3 4 5 6 7 8 9 10 11 12 13 | 13.8
Ice Magic      | 1 2 3 4 5 6 7 8 9 10 11 12 13 | 13.8
Air Magic      | 1 2 3 4 5 6 7 8 9 10 11 12 13 | 13.8
Earth Magic    | 1 2 3 4 5 6 7 8 9 10 11 12 13 | 13.8
Poison Magic   | 1 2 3 4 5 6 7 8 9 10 11 12 13 | 13.8
Axes           | 5 6 7 8 9 10 11 12 13 14 15 16 | 16.5
Fighting       | 7 8 9 10 11 12 13 14 15 16 17 | 17.0
Armour         | 7 8 9 10 11 12 13 14 15 16 17 18 19 | 19.5
Shields        | 7 8 9 10 11 12 13 14 15 16 17 | 17.0

Action                   |  1- 3 |  4- 6 |  7- 9 | 10-12 | 13-15 | 16-18 | 19-21 | 22-24 | 25-27 || total
-------------------------+-------+-------+-------+-------+-------+-------+-------+-------+-------++-------
Melee: War axe           |    76 |   115 |    37 |       |       |       |       |       |       ||   228
       Bite              |     6 |    11 |    23 |    53 |   122 |   129 |   202 |   186 |    24 ||   756
       Morningstar       |       |       |   112 |   432 |   614 |   461 |   315 |   573 |    39 ||  2546
       Punch             |       |       |     1 |     3 |       |       |       |       |       ||     4
       Broad axe         |       |       |       |       |   242 |   321 |   683 |   147 |    43 ||  1436
       Scimitar          |       |       |       |       |    18 |       |       |       |       ||    18
       Lance             |       |       |       |       |       |       |   105 |   318 |    41 ||   464
 Fire: Arbalest          |       |       |       |       |    58 |       |       |       |       ||    58
Throw: Tomahawk          |       |       |    36 |    71 |    81 |    51 |       |       |       ||   239
       Javelin           |       |       |       |       |    25 |    66 |   161 |   270 |    37 ||   559
 Cast: Flame Tongue      |       |       |       |       |     1 |       |       |       |       ||     1
Invok: Brand Weapon With |       |       |       |       |     1 |       |       |       |       ||     1
       Divine Shield     |       |       |       |       |     1 |     1 |     2 |       |     2 ||     6
       Cleansing Flame   |       |       |       |       |       |     1 |       |     1 |     5 ||     7
       Summon Divine War |       |       |       |       |       |     1 |     1 |       |     2 ||     4
 Abil: Evoke Flight      |       |       |       |       |       |    29 |       |       |       ||    29
Evoke: Wand              |       |     2 |     2 |    19 |    14 |    37 |    16 |    15 |     2 ||   107
       Lightning rod     |       |       |       |       |     4 |    23 |    16 |    26 |     4 ||    73
       Lamp of fire      |       |       |       |       |     2 |    10 |     6 |     9 |     1 ||    28
       Sack of spiders   |       |       |       |       |       |     1 |       |       |       ||     1
       Box of beasts     |       |       |       |       |       |       |     2 |     1 |       ||     3
  Use: Potion            |       |     2 |       |     9 |     9 |    19 |     3 |     3 |     8 ||    53
       Scroll            |       |     4 |     9 |     6 |    34 |    20 |    11 |    13 |     4 ||   101
  Eat: Chunk             |       |     5 |    20 |    21 |     3 |     8 |    13 |     6 |       ||    76
       Fruit             |       |       |       |       |    36 |     4 |     7 |     8 |       ||    55
       Royal jelly       |       |       |       |       |     2 |    12 |     1 |     4 |       ||    19
       Bread ration      |       |       |       |       |       |       |     2 |     1 |       ||     3
       Meat ration       |       |       |       |       |       |       |       |     1 |     1 ||     2
Armor: Scale mail        |    31 |    37 |       |       |       |       |       |       |       ||    68
       Ring mail         |       |       |    62 |    51 |       |       |       |       |       ||   113
       Plate armour      |       |       |       |   145 |   305 |   389 |   222 |   243 |    72 ||  1376
       Skin              |       |       |       |       |       |       |     1 |       |       ||     1
Dodge: Dodged            |    15 |    26 |    72 |   182 |   469 |   344 |   418 |   414 |   120 ||  2060
Block: Shield            |    45 |    13 |       |   218 |   521 |   823 |   838 |   789 |   130 ||  3377
       Buckler           |       |    17 |    36 |       |       |       |       |       |       ||    53
       Large shield      |       |       |       |       |       |       |       |       |    38 ||    38
       Rpst.: Scimitar   |       |       |       |       |     1 |       |       |       |       ||     1

Table legend:
 A = Spawn XP
 B = Non-spawn XP
 C = Spawn XP percentage of total XP
 D = Spawn monster count
 E = Non-spawn monster count
 F = Spawn count percentage of total count
 G = Total turns spent on level
                    A         B        C        D         E        F      G
               +---------+---------+-------+---------+---------+-------+---------
         Total |       0 |  999985 |   0.0 |       0 |    1961 |   0.0 | 52282
               +---------+---------+-------+---------+---------+-------+---------
           D:1 |       0 |      45 |   0.0 |       0 |      25 |   0.0 |   733
           D:2 |       0 |     325 |   0.0 |       0 |      27 |   0.0 |   744
           D:3 |       0 |      64 |   0.0 |       0 |      24 |   0.0 |  1098
           D:4 |       0 |     839 |   0.0 |       0 |      15 |   0.0 |   861
           D:5 |       0 |     496 |   0.0 |       0 |       6 |   0.0 |  1216
           D:6 |       0 |     704 |   0.0 |       0 |      15 |   0.0 |   488
           D:7 |       0 |    1017 |   0.0 |       0 |      29 |   0.0 |   799
           D:8 |       0 |    2401 |   0.0 |       0 |      20 |   0.0 |  1098
           D:9 |       0 |    7452 |   0.0 |       0 |      43 |   0.0 |  2060
          D:10 |       0 |    3467 |   0.0 |       0 |      34 |   0.0 |  1254
          D:11 |       0 |    8261 |   0.0 |       0 |      49 |   0.0 |   957
          D:12 |       0 |   11811 |   0.0 |       0 |      51 |   0.0 |  1386
          D:13 |       0 |   18722 |   0.0 |       0 |      57 |   0.0 |  2449
          D:14 |       0 |   11103 |   0.0 |       0 |      30 |   0.0 |  1001
          D:15 |       0 |   24708 |   0.0 |       0 |      59 |   0.0 |  1578
        Lair:1 |       0 |    1168 |   0.0 |       0 |      17 |   0.0 |   981
        Lair:2 |       0 |    4174 |   0.0 |       0 |      16 |   0.0 |   902
        Lair:3 |       0 |    3509 |   0.0 |       0 |      13 |   0.0 |   560
        Lair:4 |       0 |    7984 |   0.0 |       0 |      33 |   0.0 |  1192
        Lair:5 |       0 |    7608 |   0.0 |       0 |      15 |   0.0 |   754
        Lair:6 |       0 |   27994 |   0.0 |       0 |      65 |   0.0 |  1496
      Shoals:1 |       0 |   14021 |   0.0 |       0 |      26 |   0.0 |   977
      Shoals:2 |       0 |   14286 |   0.0 |       0 |      32 |   0.0 |   879
      Shoals:3 |       0 |   16554 |   0.0 |       0 |      35 |   0.0 |  1082
      Shoals:4 |       0 |   41289 |   0.0 |       0 |      61 |   0.0 |  1568
       Snake:1 |       0 |   16475 |   0.0 |       0 |      37 |   0.0 |   991
       Snake:2 |       0 |   20767 |   0.0 |       0 |      43 |   0.0 |   970
       Snake:3 |       0 |   32718 |   0.0 |       0 |      54 |   0.0 |   923
       Snake:4 |       0 |   50454 |   0.0 |       0 |      90 |   0.0 |  1018
         Orc:1 |       0 |   13399 |   0.0 |       0 |      91 |   0.0 |  1821
         Orc:2 |       0 |    7521 |   0.0 |       0 |      64 |   0.0 |  1621
         Elf:1 |       0 |   22313 |   0.0 |       0 |      35 |   0.0 |  1003
         Elf:2 |       0 |   20876 |   0.0 |       0 |      35 |   0.0 |   740
         Elf:3 |       0 |   60304 |   0.0 |       0 |      52 |   0.0 |  2132
      Vaults:1 |       0 |   56285 |   0.0 |       0 |      70 |   0.0 |  1952
      Vaults:2 |       0 |   73922 |   0.0 |       0 |     124 |   0.0 |  1698
      Vaults:3 |       0 |   24130 |   0.0 |       0 |      45 |   0.0 |  1124
      Vaults:4 |       0 |   32326 |   0.0 |       0 |      48 |   0.0 |  1922
      Vaults:5 |       0 |  187381 |   0.0 |       0 |     143 |   0.0 |  1897
      Depths:1 |       0 |   61708 |   0.0 |       0 |      70 |   0.0 |  1063
         Zig:1 |       0 |     592 |   0.0 |       0 |       3 |   0.0 |    21
         Zig:2 |       0 |    2357 |   0.0 |       0 |       3 |   0.0 |    45
         Zig:3 |       0 |    3862 |   0.0 |       0 |       4 |   0.0 |    37
         Zig:4 |       0 |    3736 |   0.0 |       0 |       8 |   0.0 |   313
         Zig:5 |       0 |    3753 |   0.0 |       0 |       7 |   0.0 |   161
         Zig:6 |       0 |    8923 |   0.0 |       0 |       7 |   0.0 |   103
         Zig:7 |       0 |   10949 |   0.0 |       0 |       7 |   0.0 |   293
         Zig:8 |       0 |    8566 |   0.0 |       0 |      14 |   0.0 |   196
         Zig:9 |       0 |   17010 |   0.0 |       0 |      12 |   0.0 |   165
        Zig:10 |       0 |   15055 |   0.0 |       0 |      24 |   0.0 |   157
        Zig:11 |       0 |    1668 |   0.0 |       0 |       1 |   0.0 |    29
           Lab |       0 |    1078 |   0.0 |       0 |       1 |   0.0 |   609
         IceCv |       0 |    6397 |   0.0 |       0 |      54 |   0.0 |   579
       Volcano |       0 |    3585 |   0.0 |       0 |      12 |   0.0 |   446
        WizLab |       0 |    1873 |   0.0 |       0 |       6 |   0.0 |   108
               +---------+---------+-------+---------+---------+-------+---------
